 Dungeon Crawl Stone Soup version bcrawl-1.31.2 (webtiles) character file.

Game seed: 7085629217381566578

372050 ploum the Destroyer (level 11, -20/61 HPs)
             Began as a Fairy Conjurer on Apr 4, 2021.
             Was a Priest of Sif Muna.
             Blown up by a great orb of eyes (22 damage)
             ... with a bolt of energy
             ... on level 9 of the Dungeon.
             The game lasted 00:31:53 (8495 turns).

ploum the Destroyer (Fairy Conjurer)                Turns: 8495, Time: 00:31:54

Health: -20/61     AC:  7    Str:  6    XL:     11   Next: 20%
Magic:  0/29       EV: 22    Int: 22    God:    Sif Muna [***...]
Gold:   686        SH:  0    Dex: 13    Spells: 25/35 levels left

rFire    + . .     SeeInvis .     - Fists (2.4)
rCold    x . .     Gourm    .   (shield restricted)
rNeg     + . .     Faith    .   (armour unavailable)
rPois    .         Spirit   +   m - +0 helmet
rElec    .         Reflect  .   (no cloak)
rCorr    .         Harm     .   (no gloves)
MR       +....                  (no boots)
Stlth    ..........             L - amulet of guardian spirit
HPRegen  0.20/turn              g - ring of fire (curse)
MPRegen  0.21/turn              N - ring of positive energy

@: confused, flying evasively
A: small, magic attunement, unstealthy, unfitting armour, able to fly, AC/SH +6
a: Stop Flying, Divine Energy, Channel Magic, Renounce Religion


You were on level 9 of the Dungeon.
You worshipped Sif Muna.
Sif Muna was most pleased with you.
You were not hungry.

You visited 1 branch of the dungeon, and saw 9 of its levels.
You also visited: Ossuary.

You collected 686 gold pieces.

Inventory:

Hand Weapons
 F - a +2 vampiric dagger
Missiles
 y - 2 throwing nets {=f}
Armour
 f - a +0 pair of gloves
 m - a +0 helmet (worn)
 n - a +0 helmet
 K - a +0 pair of gloves
Jewellery
 g - a cursed ring of fire (left hand)
 G - an uncursed ring of flight
 L - an amulet of guardian spirit (around neck)
 N - a ring of positive energy (right hand)
Wands
 r - a wand of digging (6)
 t - a wand of iceblast (7)
 u - a wand of polymorph (15)
 z - a wand of paralysis (7)
 M - a wand of enslavement (11)
Scrolls
 c - 3 scrolls of teleportation {unknown}
 d - 8 scrolls of remove curse {unknown}
 h - a scroll of enchant weapon {unknown}
 i - 10 scrolls of identify
 j - a scroll of amnesia {unknown}
 k - 2 scrolls of noise {unknown}
 p - 4 scrolls of blinking {unknown}
 q - a scroll of immolation {unknown}
 B - 3 scrolls of enchant armour {unknown}
 C - a scroll of fog {unknown}
 D - a scroll of torment {unknown}
 H - 3 scrolls of magic mapping {unknown}
Potions
 a - 7 potions of heal wounds {unknown}
 l - 6 potions of curing {unknown}
 o - 3 potions of agility {unknown}
 s - 2 potions of berserk rage {unknown}
 v - 2 potions of might {unknown}
 w - a potion of degeneration {unknown}
 x - 2 potions of resistance {unknown}
 A - a potion of flight {unknown}
 E - a potion of brilliance {unknown}
 I - a potion of lignification {unknown}
 J - a potion of cancellation {unknown}
Comestibles
 e - 31 rations {!d}
 O - 4 chunks of flesh


   Skills:
 + Level 10.3 Dodging
 - Level 1.6 Stealth
 * Level 12.9 Spellcasting
 * Level 13.0 Conjurations


You had 25 spell levels left.
You knew the following spells:

 Your Spells              Type           Power        Failure   Level  Hunger
a - Magic Dart            Conj           ####         1%          1    None
b - Searing Ray           Conj           ######..     1%          2    None
c - Iskenderun's Mystic   Conj           ######..     1%          3    None
d - Fulminant Prism       Conj/Hex       #####.....   3%          4    None

Your spell library contained the following spells:

 Spells                   Type           Power        Failure   Level  Hunger
 Apportation              Tloc           ##....       4%          1    None
 Summon Butterflies       Summ           ##......     4%          1    None
 Irradiate                Conj/Tmut      #####.....   9%          5    None
 Lightning Bolt           Conj/Air       #####.....   9%          5    None
 Beckoning                Tloc           ##........   14%         3    None
 Tukima's Dance           Hex            ##......     14%         3    None
 Icicle Burst             Conj/Ice       #####.....   95%         7    None
 Invisibility             Hex            ##......     100%        6    None
 Chain Lightning          Conj/Air       #####.....   100%        8    None
 Ignition                 Fire           ###.......   100%        8    None
 Shatter                  Erth           ##........   100%        9    None
 Tornado                  Air            ##........   100%        9    None


Dungeon Overview and Level Annotations

Branches:
Dungeon (9/12)             Temple (0/1) D:6            Lair (0/6) D:7
    Orc: D:8-11

Altars:
Dithmenos
Elyvilon
Fedhas
Gozag
Kikubaaqudgha
Lugonu
Nemelex Xobeh
Ru
Sif Muna
Trog
Uskayaw

Shops:
D:4 *   D:8 (


Innate Abilities, Weirdness & Mutations

Your spells do not cause hunger and MP costs are reduced by 1.
Your bright wings attract enemies. (Stealth-)
You cannot fit into any form of body armour.
Your shimmering scales are hard and can block incoming attacks. (AC +6, SH +6)
You are small and have problems with some larger weapons.
You can fly continuously.


Message History

The bolt of energy hits you!!!
Ouch! That really hurt!
* * * LOW HITPOINT WARNING * * *
The great orb of eyes bites you!
* * * LOW HITPOINT WARNING * * *
You bump into the stone wall.
The great orb of eyes gazes at you.
You are more confused.
Magic courses through your body. The great orb of eyes bites you!
* * * LOW HITPOINT WARNING * * *
You closely miss the great orb of eyes.
The great orb of eyes is heavily wounded.
The great orb of eyes gazes at you. The bolt of energy misses you.
The great orb of eyes barely misses you.
You bump into the stone wall.
The great orb of eyes misses you.
There is an open door here.
The great orb of eyes gazes at you. The bolt of energy hits you!!!
You die...

# #......###†.###....# ..#.... ##
##....###.)#.'####..#####.... .##
#...###..#.#.#.^####....#....
..###.###..#.#.#.#....####..#....
..##..#..#.#.#.#[#......####'....
......###..#.#.#.#........###....
...##.# ###..#.#.#..........'....
...#..# ###..#.#........###....
....#.# ###.@#......###...#..
...##.# ###'....###...#..##
..###.# ##G.###........# .## #.#
#...H†###......###..# ## #.#
#.#####......### ##.. # #.#
###.......### .. #.#
###.......### #. #.#
###......#### # #.####......###


You could see a great orb of eyes.

Vanquished Creatures
  A deep elf knight (D:9)
  An ugly thing (D:9)
  A komodo dragon (D:7)
  2 centaur skeletons (D:9)
  Grinder (D:6)
  A troll (D:8)
  A hippogriff (D:9)
  A shadow (D:9)
  2 yaks
  A hog (shapeshifter) (D:9)
  A human (D:8)
  3 hogs (D:8)
  Duvessa (D:6)
  8 orc warriors
  An ice beast (D:7)
  3 sky beasts
  2 phantoms (D:4)
  4 ogres
  A necrophage (D:7)
  A boggart (D:9)
  2 centaurs
  5 bullfrogs
  A big kobold (D:9)
  A gnoll sergeant (D:8)
  Dowan (D:6)
  3 scorpions
  3 water moccasin zombies
  A wyvern skeleton (D:9)
  A wight (D:4)
  A bullfrog zombie (D:4)
  A crimson imp (D:6)
  A quasit (D:7)
  A jelly (D:8)
  5 hounds
  6 orc wizards
  5 orc priests
  A bullfrog skeleton (D:4)
  2 gnoll shamans
  3 iguanas
  3 big kobold zombies (Ossuary)
  2 mummies (Ossuary)
  A hound zombie (D:6)
  2 worker ant zombies
  Robin (D:2)
  12 gnolls
  7 adders
  A howler monkey skeleton (D:9)
  3 shadow imps
  3 adder zombies (Ossuary)
  3 worms
  3 dart slugs
  9 leopard geckos
  46 orcs
  4 bats
  3 giant cockroaches
  3 gnoll zombies (Ossuary)
  11 goblins
  10 hobgoblins
  10 jackals
  5 quokkas
  8 frilled lizards
  4 hobgoblin zombies (Ossuary)
  8 kobolds
  5 kobold zombies (Ossuary)
  3 orc zombies (Ossuary)
  2 rats
253 creatures vanquished.

Vanquished Creatures (others)
  A plant (D:7)
1 creature vanquished.

Grand Total: 254 creatures vanquished

Notes
Turn   | Place    | Note
-------+----------+-------------------------------------------
     0 | D:1      | ploum the Fairy Conjurer began the quest for the Orb.
     0 | D:1      | Reached XP level 1. HP: 11/11 MP: 6/6
    24 | D:1      | Reached skill level 5 in Conjurations
    48 | D:1      | Reached XP level 2. HP: 17/17 MP: 7/7
   248 | D:1      | Reached XP level 3. HP: 21/21 MP: 9/9
   745 | D:1      | Learned a level 2 spell: Searing Ray
   749 | D:1      | Learned a level 3 spell: Iskenderun's Mystic Blast
  1000 | D:2      | Found a corrupted altar of Lugonu.
  1033 | D:2      | Reached XP level 4. HP: 27/27 MP: 7/11
  1232 | D:2      | Noticed Robin
  1238 | D:2      | Killed Robin
  1726 | D:3      | Reached skill level 6 in Conjurations
  1726 | D:3      | Reached XP level 5. HP: 31/31 MP: 4/14
  1876 | D:3      | Found a white marble altar of Elyvilon.
  2082 | D:3      | Reached skill level 5 in Spellcasting
  2222 | D:3      | Found a shimmering blue altar of Sif Muna.
  2352 | D:3      | Became a worshipper of Sif Muna the Loreminder
  2566 | D:4      | Noticed a sky beast
  2578 | D:4      | Killed a sky beast
  2579 | D:4      | Reached XP level 6. HP: 9/36 MP: 6/16
  2798 | D:4      | Found a shadowy altar of Dithmenos.
  2884 | D:4      | Noticed a phantom
  2893 | D:4      | Killed a phantom
  2894 | D:4      | Reached skill level 5 in Dodging
  2902 | D:4      | Reached * piety under Sif Muna
  2902 | D:4      | Reached XP level 7. HP: 41/41 MP: 2/18
  3072 | D:4      | Found a blossoming altar of Fedhas.
  3148 | D:4      | Found Enle's Assorted Antiques.
  3201 | D:4      | Reached skill level 7 in Conjurations
  3412 | D:5      | Entered Level 5 of the Dungeon
  3537 | D:6      | Reached ** piety under Sif Muna
  3537 | D:6      | Received a gift from Sif Muna
  3537 | D:6      | Reached XP level 8. HP: 35/46 MP: 6/21
  3614 | D:6      | Found a staircase to the Ecumenical Temple.
  3635 | D:6      | Noticed Dowan
  3636 | D:6      | Noticed Duvessa
  3640 | D:6      | Killed Duvessa
  3641 | D:6      | Reached skill level 8 in Conjurations
  3652 | D:6      | Killed Dowan
  3870 | D:5      | Noticed a +0 falchion
  3870 | D:5      | Noticed a +0 short sword
  3871 | D:5      | Noticed a +0 dagger
  3879 | D:5      | Found a hide-covered altar of Uskayaw.
  3879 | D:5      | Noticed a +0 dagger
  3879 | D:5      | Noticed a +0 falchion
  3880 | D:5      | Noticed a +0 spear
  3882 | D:5      | Noticed a +0 short sword
  3882 | D:5      | Noticed a +0 spear
  4369 | D:6      | Reached skill level 9 in Conjurations
  4493 | D:6      | Reached XP level 9. HP: 51/51 MP: 21/24
  4890 | D:6      | Noticed Grinder
  4895 | D:6      | Killed Grinder
  5169 | D:7      | Found a sparkling altar of Nemelex Xobeh.
  5235 | D:7      | Found an ancient bone altar of Kikubaaqudgha.
  5427 | D:7      | Reached skill level 10 in Conjurations
  5504 | D:7      | Found an opulent altar of Gozag.
  5556 | D:7      | Found a sand-covered staircase.
  5580 | Ossuary  | Entered an ossuary
  5594 | Ossuary  | Reached skill level 10 in Spellcasting
  5696 | Ossuary  | Received a gift from Sif Muna
  5961 | D:7      | Reached *** piety under Sif Muna
  6076 | D:7      | Found a staircase to the Lair.
  6077 | D:7      | Noticed a komodo dragon
  6092 | D:7      | Killed a komodo dragon
  6243 | D:7      | Reached XP level 10. HP: 56/56 MP: 18/26
  6248 | D:7      | Learned a level 4 spell: Fulminant Prism
  6490 | D:8      | Reached skill level 11 in Conjurations
  6519 | D:8      | Found Bicenuxegh's Antique Weapon Shoppe.
  6611 | D:8      | Found a sacrificial altar of Ru.
  6703 | D:8      | Found a bloodstained altar of Trog.
  7415 | D:9      | Received a gift from Sif Muna
  7455 | D:9      | Reached skill level 12 in Conjurations
  8418 | D:9      | Reached skill level 10 in Dodging
  8422 | D:9      | Reached XP level 11. HP: 61/61 MP: 16/29
  8469 | D:9      | Noticed a cyan ugly thing
  8470 | D:9      | Noticed a deep elf knight
  8474 | D:9      | Identified the ring of Madde {Wiz rPois Str+4 Dex+3}
  8477 | D:9      | Killed a deep elf knight
  8478 | D:9      | Received a gift from Sif Muna
  8478 | D:9      | Killed a cyan ugly thing
  8478 | D:9      | Noticed a great orb of eyes
  8481 | D:9      | Reached skill level 13 in Conjurations
  8485 | D:9      | Noticed a manticore
  8491 | D:9      | HP: 2/61 [great orb of eyes (3)]
  8495 | D:9      | Blown up by a great orb of eyes

Skill      XL: |  1  2  3  4  5  6  7  8  9 10 11 |
---------------+----------------------------------+-----
Conjurations   | 5 6 7 9 10 12 13 | 13.0
Spellcasting   | 3 4 5 6 7 9 10 12 | 12.9
Dodging        | 3 4 5 6 7 8 10 | 10.3
Stealth        | |  1.6

Action                   |  1- 3 |  4- 6 |  7- 9 | 10-12 || total
-------------------------+-------+-------+-------+-------++-------
Melee: Unarmed           |       |       |       |     2 ||     2
 Cast: Magic Dart        |    70 |    76 |    92 |    64 ||   302
       Searing Ray       |     2 |     8 |    45 |    22 ||    77
       Iskenderun's Myst |     1 |     7 |    30 |    12 ||    50
  Use: Potion            |       |       |       |     1 ||     1
  Eat: Chunk             |       |     7 |    13 |     9 ||    29
Armor: Skin              |     1 |     1 |     7 |    10 ||    19
Dodge: Dodged            |    10 |    15 |    80 |    89 ||   194
Block: Other             |       |     1 |    26 |    29 ||    56
